Map: Blackpink LE

Players

RAIL

  • Race: Protoss Protoss
  • Spawn Location: 1:00

Lillekanin - Winner!

  • Race: Terran Terran
  • Spawn Location: 7:00

Event: WCS Leipzig 2018

VOD

Have the link to the VOD?

Description

Time

  • Played on: Jan. 26, 2018, 10:06 a.m.
  • Length: 20:39

All games in this series

Show
View Real Time Build Order
Export as new Build Order

RAIL Protoss 

Build Orders: 1 Gate Expand, Blink Stalkers 

Get SALT Encoding   

  12  0:00  Probe  
  13  0:13  Probe  
  14  0:17  Pylon  
  14  0:25  Probe  
  15  0:35  Gateway  
  15  0:38  Gateway  
  15  0:40  Probe (Chrono Boost)  
  17  0:50  Probe (Chrono Boost), Assimilator  
  17  0:54  Probe (Chrono Boost)  
  18  1:06  Probe  
  19  1:23  Nexus  
  19  1:32  Cybernetics Core  
  19  1:34  Probe (Chrono Boost)  
  20  1:45  Probe (Chrono Boost), Assimilator  
  21  1:50  Probe (Chrono Boost)  
  21  1:52  Pylon  
  22  2:01  Probe  
  23  2:07  Stalker (Chrono Boost)  
  23  2:13  Probe, Warp Gate  
  26  2:25  Probe  
  27  2:30  Zealot  
  29  2:37  Probe  
  29  2:41  Probe  
  29  2:42  Twilight Council  
  31  2:50  Gateway  
  32  2:53  Probe x2 (Chrono Boost)  
  33  3:02  Stalker  
  33  3:04  Probe (Chrono Boost)  
  37  3:06  Probe (Chrono Boost)  
  37  3:09  Probe (Chrono Boost)  
  37  3:10  Blink (Chrono Boost)  
  38  3:14  Probe  
  38  3:19  Probe  
  40  3:24  Gateway  
  40  3:26  Probe  
  41  3:32  Stalker  
  41  3:33  Probe  
  44  3:37  Shield Battery  
  44  3:39  Probe  
  45  3:42  Pylon  
  45  3:47  Probe  
  46  3:50  Pylon  
  46  4:00  Probe  
  46  4:01  Robotics Facility  
  47  4:04  Probe  
  48  4:12  Probe  
  48  4:16  Probe  
  50  4:17  Stalker x2  
  50  4:19  Stalker  
  56  4:26  Pylon  
  56  4:39  Nexus  
  56  4:41  Stalker x2  
  56  4:43  Charge (Chrono Boost)  
  60  4:46  Pylon  
  60  4:50  Probe  
  60  4:51  Probe  
  62  4:58  Observer  
  63  5:02  Gateway  
  63  5:04  Probe, Gateway  
  63  5:06  Zealot  
  66  5:10  Gateway  
  66  5:15  Stalker  
  68  5:21  Gateway  
  68  5:23  Observer  
  69  5:29  Zealot  
  69  5:30  Gateway  
  69  5:31  Pylon  
  71  5:37  Sentry  
  71  5:41  Probe x2  
  71  5:42  Zealot  
  77  5:53  Probe  
  77  5:54  Zealot, Warp Prism  
  77  5:55  Probe x2  
  84  6:02  Zealot x3  
  90  6:06  Pylon  
  90  6:07  Zealot  
  90  6:09  Probe  
  93  6:12  Pylon  
  93  6:13  Probe  
  93  6:15  Zealot  
  96  6:23  Zealot x2  
  100  6:26  Probe x2, Pylon  
  100  6:31  Zealot x2  
  105  6:36  Probe  
  105  6:38  Probe  
  105  6:44  Probe  
  101  6:48  Probe  
  101  6:50  Probe  
  103  6:56  Probe  
  101  7:02  Probe  
  101  7:03  Stalker  
  101  7:04  Probe  
  105  7:14  Zealot x2  
  109  7:16  Probe  
  110  7:26  Probe x2  
  112  7:32  Stalker  
  114  7:37  Forge x2  
  114  7:38  Zealot  
  114  7:39  Pylon  
  114  7:43  Pylon  
  114  7:44  Pylon  
  116  7:51  Sentry  
  118  7:56  Immortal  
  120  8:00  Pylon  
  120  8:01  Pylon  
  120  8:02  Protoss Ground Weapons Level 1 (Chrono Boost), Protoss Ground Armor Level 1 (Chrono Boost)  
  120  8:06  Sentry, Zealot x4  
  130  8:13  Probe x2, Assimilator  
  130  8:14  Assimilator  
  130  8:19  Zealot x3  
  138  8:29  Probe  
  138  8:32  Pylon  
  138  8:36  Pylon  
  138  8:37  Probe  
  137  8:43  Zealot, Immortal  
  137  8:44  Zealot x6  
  137  8:46  Zealot  
  155  8:57  Pylon  
  155  8:59  Pylon  
  155  9:09  Templar Archives, Zealot x3  
  161  9:10  Zealot x4  
  169  9:22  Zealot  
  169  9:23  Immortal  
  143  9:31  Nexus  
  143  9:34  Assimilator  
  143  9:35  Assimilator  
  143  9:36  Probe x3  
  146  9:45  High Templar  
  146  9:46  High Templar, Zealot, Robotics Facility  
  146  9:47  Protoss Ground Weapons Level 2 (Chrono Boost)  
  146  9:50  Archon  
  146  9:51  Photon Cannon  
  152  9:53  Probe x3  
  155  10:02  Zealot x2  
  155  10:05  Photon Cannon  
  159  10:08  Photon Cannon  
  159  10:15  Immortal  
  163  10:21  Zealot  
  163  10:22  Protoss Shields Level 1 (Chrono Boost), Zealot  
  163  10:26  Zealot  
  168  10:30  Immortal  
  168  10:39  High Templar x2  
  172  10:44  Zealot x3, Archon  
  172  10:49  Probe  
  179  10:56  High Templar x2, Zealot  
  185  11:01  Probe  
  185  11:03  Pylon  
  186  11:14  Nexus  
  186  11:15  Immortal  
  190  11:21  Immortal  
  192  11:28  High Templar  
  192  11:29  High Templar, Zealot  
  192  11:30  Archon  
  198  11:34  Pylon  
  198  11:38  Photon Cannon  
  198  11:39  Photon Cannon  
  198  11:45  Archon  
  198  11:47  Zealot  
  198  11:53  Protoss Ground Weapons Level 3 (Chrono Boost), Protoss Shields Level 2 (Chrono Boost)  
  198  11:54  Photon Cannon  
  198  12:04  Immortal  
  198  12:06  Immortal  
  198  12:11  Photon Cannon  
  198  12:13  Photon Cannon  
  198  12:22  Assimilator  
  198  12:23  Assimilator  
  198  12:26  Probe x2  
  198  12:28  Zealot  
  198  12:32  Zealot  
  197  12:56  Immortal  
  197  12:58  Zealot x8  
  165  13:00  Immortal  
  137  13:08  Probe x2  
  118  13:15  Probe  
  118  13:18  Zealot x2  
  106  13:20  Probe  
  106  13:21  Probe  
  106  13:22  Probe  
  106  13:25  Stalker x3  
  113  13:28  Probe  
  113  13:32  High Templar  
  113  13:33  High Templar, Zealot  
  120  13:37  Archon  
  120  13:39  Immortal x2  
  122  13:41  High Templar x2  
  122  13:43  Probe x2  
  122  13:44  Probe  
  122  13:46  Archon  
  133  13:54  Stalker x3  
  139  13:57  Zealot  
  139  13:59  Probe  
  139  14:01  Probe  
  144  14:02  Probe  
  144  14:08  High Templar x2  
  148  14:14  Stalker x2, Archon  
  152  14:18  Immortal  
  152  14:20  Stalker  
  152  14:21  Zealot  
  156  14:26  Zealot x2  
  156  14:27  Immortal  
  141  14:40  Sentry, Zealot  
  141  14:41  Zealot  
  141  14:43  Zealot x2  
  147  14:46  Zealot  
  147  14:53  Gateway  
  147  14:54  Probe  
  147  14:56  High Templar x2  
  147  14:57  Gateway, Immortal (Chrono Boost)  
  147  14:58  Probe  
  147  14:59  Probe  
  158  15:02  Archon  
  158  15:07  High Templar  
  158  15:08  High Templar, Zealot x2  
  158  15:12  Archon  
  158  15:14  Stalker x2  
  168  15:17  Probe x2  
  168  15:19  Probe x2  
  156  15:36  Probe, Stalker x4  
  156  15:37  Stalker  
  156  15:40  Probe  
  166  15:51  Stargate  
  166  15:52  Zealot x3  
  170  16:07  High Templar  
  170  16:08  High Templar  
  173  16:12  Archon  
  173  16:13  Stalker x2  
  176  16:21  Nexus  
  175  16:26  Pylon  
  175  16:28  Stalker x3  
  175  16:31  Stalker x2  
  185  16:37  Sentry, Zealot x2  
  191  16:40  Probe x2  
  191  16:45  Phoenix  
  187  16:59  Stalker x2  
  187  17:00  Stalker x3  
  193  17:06  Stalker x2  
  195  17:15  Probe x3  
  169  17:32  Stalker x2  
  169  17:33  Probe x2  
  169  17:36  Probe  
  176  17:38  Stalker, Zealot  
  176  17:39  Zealot  
  182  17:48  Probe x3  
  182  17:49  Photon Cannon  
  182  17:51  Probe  
  182  17:55  Stalker x4  
  182  17:57  Probe  
  182  17:58  Probe  
  193  18:00  Probe  
  193  18:05  Stalker x2  
  198  18:19  Nexus, Stalker  
  188  18:33  Sentry, Zealot x5  
  168  18:42  Stalker x2  
  112  18:59  High Templar, Zealot x2  
  112  19:00  Zealot x3  
  105  19:08  High Templar  
  105  19:09  Zealot  
  103  19:15  Stalker  
  103  19:16  Stalker, Archon  
  91  19:26  Stalker  
  91  19:27  Zealot x4  
  95  19:32  Probe x3  
  74  19:52  Stalker, Sentry  
  74  19:53  Stalker x2, Zealot x2  
  74  19:54  Zealot x3  
  88  20:01  Stalker, Immortal (Chrono Boost)  
  98  20:12  Stalker x2  
  99  20:16  Stalker  
  99  20:18  Stalker x2  
  99  20:20  Zealot x5  
  99  20:21  Probe x3  
  63  20:35  Zealot  
  63  20:36  Stalker x2  
Show
View Real Time Build Order
Export as new Build Order

Lillekanin Terran - Winner!

Build Orders: Gas First Reaper Expand, Reaper Expand, Mech 

Get SALT Encoding   

  12  0:00  SCV  
  13  0:12  SCV  
  14  0:17  Supply Depot  
  14  0:25  SCV  
  15  0:30  Refinery  
  15  0:39  SCV  
  16  0:45  Barracks  
  16  0:51  SCV  
  17  1:03  SCV  
  18  1:15  SCV  
  19  1:32  Orbital Command, Reaper  
  20  1:47  Command Center  
  20  2:00  Factory  
  20  2:01  SCV  
  21  2:08  Barracks Reactor  
  21  2:14  SCV  
  22  2:17  Refinery  
  22  2:20  Supply Depot  
  22  2:26  SCV  
  23  2:41  SCV  
  24  2:46  Starport  
  24  2:50  Marine x2  
  24  2:51  Widow Mine  
  28  2:54  SCV  
  29  2:58  Orbital Command  
  29  3:06  SCV  
  29  3:07  Marine  
  29  3:08  Marine  
  32  3:14  Widow Mine  
  32  3:18  SCV  
  35  3:24  Medivac  
  35  3:25  SCV  
  38  3:27  Marine  
  38  3:30  SCV, Marine  
  41  3:37  SCV  
  41  3:39  Supply Depot  
  42  3:42  SCV  
  42  3:43  Factory Tech Lab  
  42  3:45  Marine  
  42  3:46  Refinery  
  44  3:49  SCV  
  44  3:54  SCV  
  46  3:58  Starport Tech Lab  
  46  4:01  SCV  
  47  4:06  SCV  
  47  4:07  Siege Tank  
  51  4:10  Bunker  
  51  4:11  Marine x2  
  51  4:14  SCV  
  54  4:17  Supply Depot  
  54  4:20  Raven  
  56  4:25  SCV  
  56  4:28  Supply Depot  
  56  4:29  Marine  
  58  4:32  SCV  
  58  4:34  Marine  
  58  4:37  SCV  
  61  4:40  Cloaking Field  
  61  4:44  SCV  
  62  4:46  Supply Depot  
  62  4:49  Siege Tank  
  65  4:53  SCV  
  65  4:57  SCV  
  67  5:04  Banshee  
  67  5:05  SCV  
  71  5:08  Marine x2  
  71  5:09  SCV  
  74  5:16  Factory  
  74  5:17  SCV  
  74  5:21  SCV  
  76  5:28  Marine x2  
  78  5:29  SCV  
  78  5:30  Siege Tank  
  78  5:33  SCV  
  78  5:34  Refinery  
  83  5:40  Command Center  
  83  5:47  SCV  
  84  5:51  Armory  
  84  5:53  Supply Depot  
  84  5:54  Supply Depot  
  84  5:59  SCV, Supply Depot  
  84  6:02  SCV  
  86  6:11  Factory  
  86  6:13  Factory  
  86  6:14  Banshee  
  86  6:15  SCV x2  
  86  6:18  Supply Depot  
  90  6:21  Hellion x2  
  90  6:25  Siege Tank  
  97  6:27  SCV, Barracks Reactor  
  97  6:29  SCV  
  98  6:39  SCV  
  95  6:41  SCV  
  95  6:46  Engineering Bay  
  94  6:51  SCV  
  94  6:52  SCV  
  94  6:53  SCV  
  97  6:57  Banshee  
  97  6:58  Factory Tech Lab  
  100  7:02  Hellion x2  
  100  7:03  SCV  
  106  7:10  SCV  
  106  7:12  Orbital Command  
  107  7:15  SCV  
  107  7:16  Terran Vehicle Weapons Level 1  
  107  7:22  SCV  
  108  7:24  Hellion x2  
  108  7:27  Infernal Pre-Igniter  
  108  7:28  Siege Tank  
  115  7:40  Viking  
  117  7:44  Hellion, Siege Tank  
  117  7:45  Sensor Tower  
  117  7:48  Hellion x2  
  126  7:52  SCV  
  126  7:53  SCV  
  126  7:54  SCV  
  126  7:56  Hellion  
  130  8:01  Siege Tank  
  130  8:04  SCV  
  128  8:06  Hellion  
  128  8:09  Hellion  
  128  8:11  Supply Depot  
  132  8:14  Hellion  
  132  8:16  Siege Tank  
  132  8:17  Hellion, Orbital Command  
  139  8:23  Missile Turret  
  139  8:25  Missile Turret  
  139  8:27  Missile Turret  
  139  8:28  Hellion  
  139  8:29  Missile Turret  
  139  8:30  Missile Turret  
  139  8:32  SCV  
  139  8:33  Hellion  
  144  8:35  Orbital Command  
  144  8:36  Hellion  
  144  8:40  Hellion  
  144  8:41  Armory  
  145  8:51  Missile Turret  
  145  8:52  Missile Turret  
  145  8:56  SCV  
  145  8:57  SCV  
  147  9:08  SCV  
  148  9:11  Refinery  
  148  9:18  Hellion, Refinery  
  148  9:19  Siege Tank  
  148  9:20  Hellion  
  148  9:23  Siege Tank  
  144  9:27  Hellion x3  
  144  9:28  Hellion  
  144  9:31  Sensor Tower  
  144  9:37  Terran Vehicle Weapons Level 2  
  144  9:38  Terran Vehicle And Ship Armor Level 1  
  144  9:41  Command Center  
  144  9:46  Missile Turret  
  144  9:47  Missile Turret  
  144  9:51  Siege Tank  
  147  9:55  Supply Depot  
  147  9:56  Supply Depot  
  147  9:58  Smart Servos  
  143  10:00  Supply Depot  
  143  10:06  Hellion x2  
  149  10:07  Hellion  
  149  10:08  Bunker  
  149  10:12  Supply Depot  
  149  10:18  Supply Depot  
  149  10:20  Hellion, Supply Depot  
  149  10:22  Hellion  
  149  10:30  Hellion  
  149  10:34  Hellion  
  149  10:35  Liberator  
  153  10:38  Drilling Claws  
  153  10:42  Hellion  
  153  10:43  Starport x2  
  153  10:45  Hellion  
  153  10:54  SCV  
  153  10:56  Hellion, Siege Tank  
  162  11:06  Liberator x2  
  162  11:14  Sensor Tower  
  162  11:18  Liberator  
  162  11:22  Hellion x2  
  162  11:25  Sensor Tower  
  171  11:29  Missile Turret  
  171  11:32  Missile Turret  
  171  11:34  Terran Vehicle And Ship Armor Level 2  
  174  11:42  Hellion x4  
  174  11:47  Fusion Core  
  174  11:51  Hellion x3  
  174  11:53  Hellion  
  179  12:01  Liberator  
  179  12:02  Terran Vehicle Weapons Level 3  
  179  12:11  Missile Turret  
  179  12:19  Thor  
  188  12:31  Thor  
  191  12:38  Starport  
  160  13:01  Hellion  
  160  13:02  Thor  
  160  13:03  Hellion x2  
  144  13:09  Liberator  
  144  13:11  Hellion  
  134  13:14  Siege Tank  
  126  13:22  Hellion  
  126  13:25  Hellion  
  130  13:40  Hellion  
  130  13:41  Hellion  
  132  13:43  Hellion  
  132  13:44  Liberator x2, Planetary Fortress  
  132  13:45  Siege Tank  
  132  13:46  Hellion, Siege Tank  
  148  14:06  Hellion  
  148  14:08  Hellion  
  152  14:13  Refinery  
  152  14:14  Refinery  
  152  14:16  Widow Mine x2  
  156  14:17  Siege Tank  
  156  14:21  Starport Tech Lab  
  156  14:22  Advanced Ballistics, Starport Tech Lab  
  158  14:27  Liberator x2  
  155  14:34  Liberator  
  132  14:39  Terran Ship Weapons Level 1  
  141  14:55  Hellion x2, Siege Tank  
  144  15:02  Siege Tank  
  144  15:06  Hellion  
  149  15:10  Liberator  
  149  15:16  SCV, Orbital Command  
  149  15:17  Terran Vehicle And Ship Armor Level 3  
  150  15:23  Liberator  
  150  15:24  Liberator  
  141  15:43  Hellion  
  143  15:51  Sensor Tower  
  143  15:53  Refinery, Liberator  
  143  15:55  Widow Mine x3  
  143  15:56  Hellion x2  
  153  16:00  Missile Turret  
  153  16:03  Missile Turret  
  153  16:04  Widow Mine  
  153  16:06  Liberator x2  
  158  16:14  Sensor Tower  
  158  16:17  Hellion, Widow Mine x3  
  158  16:18  Widow Mine  
  174  16:26  Widow Mine  
  176  16:35  Liberator  
  176  16:38  Hellion, Widow Mine  
  179  16:49  Liberator  
  179  16:50  Liberator  
  179  16:52  Hellion, Siege Tank  
  186  17:10  SCV  
  186  17:12  SCV x2  
  189  17:18  Liberator  
  171  17:32  Liberator  
  171  17:33  Liberator  
  171  17:34  Missile Turret  
  173  17:51  Missile Turret  
  176  17:55  Siege Tank  
  176  17:56  Hellion x5  
  189  18:01  Liberator  
  189  18:11  Terran Ship Weapons Level 2  
  189  18:13  SCV  
  189  18:16  Command Center  
  189  18:17  Hellion x2  
  189  18:18  Liberator x2  
  187  18:44  Liberator  
  187  18:46  Hellion  
  147  19:00  Cyclone  
  147  19:04  Hellion x2  
  147  19:09  SCV x2  
  147  19:11  Liberator  
  147  19:12  Missile Turret  
  147  19:14  Missile Turret  
  143  19:20  Hellion x2, Siege Tank  
  144  19:26  Hellion  
  144  19:28  Orbital Command  
  149  19:37  Hellion x2  
  150  19:41  Hellion  
  150  19:42  Hellion  
  148  19:47  Hellion  
  148  19:52  Siege Tank  
  150  19:58  Hellion  
  150  19:59  Hellion  
  152  20:03  Hellion, Siege Tank  
  155  20:12  Refinery  
Tags
 
Add a new tag
Caveats
  • Supply blocks, unpowered buildings, or Contaminate may cause inaccurate times.
  • Supply counts are checked every 10 seconds.